 Dungeon Crawl Stone Soup version 0.31.0-4-g52a2dc7128 (webtiles) character file.

Game seed: 9806137941906689758

130 gelatine the Trooper (level 4, 0/36 HPs)
             Began as a Demonspawn Fighter on Jan 21, 2024.
             Killed by divine providence
             ... invoked by an orc priest
              (15 damage)
             ... on level 4 of the Dungeon.
             The game lasted 00:04:28 (1804 turns).

gelatine the Trooper (Demonspawn Fighter)           Turns: 1804, Time: 00:04:29

Health: 0/36       AC: 11    Str: 18    XL:     4   Next: 89%
Magic:  5/5        EV:  9    Int:  9    God:
Gold:   178        SH:  4    Dex: 12    Spells: 4/4 levels left

rFire   + . .        a - +0 war axe
rCold   . . .        c - +0 buckler
rNeg    . . .        b - +0 scale mail
rPois   .            (no helmet)
rElec   .            n - scarf {repulsion}
rCorr   .            (no gloves)
SInv    .            i - +2 pair of boots
Will    .....        (no amulet) Stlth
                     l - ring of protection from fire
HPRegen 0.26/turn    (no ring)
MPRegen 0.09/turn

%: repel missiles
@: no status effects
A: rugged brown scales 1, demonic magic 1
a: no special abilities


You were on level 4 of the Dungeon.
You visited 2 branches of the dungeon, and saw 5 of its levels.

You collected 178 gold pieces.

Inventory:

Hand Weapons
 a - a +0 war axe (weapon)
Armour
 b - a +0 scale mail (worn)
 c - a +0 buckler (worn)
 i - a +2 pair of boots (worn)
 n - a scarf of repulsion (worn)
 o - a scarf of invisibility
Jewellery
 l - a ring of protection from fire (left hand)
Scrolls
 e - a scroll of torment {unknown}
 h - a scroll of revelation
 p - a scroll of blinking {unknown}
 r - a scroll of identify {unknown}
 s - a scroll of enchant weapon {unknown}
Potions
 d - a potion of might
 f - a potion of curing {unknown}
 g - 2 potions of degeneration {unknown}
 j - a potion of enlightenment {unknown}
 k - 3 potions of lignification {unknown}
 m - a potion of attraction {unknown}
 q - a potion of mutation {unknown}


   Skills:
 * Level 3.4 Fighting
 * Level 3.2 Axes
 * Level 3.2 Armour
 * Level 0.8 Dodging
 * Level 3.0 Shields
 * Level 0.9 Spellcasting


You had 4 spell levels left.
You didn't know any spells.
Your spell library was empty.

Dungeon Overview and Level Annotations

Branches:
Dungeon (4/15)             Temple (1/1) D:4

Altars:
Ashenzari
Cheibriados
Dithmenos
Fedhas
Gozag
Hepliaklqana
Kikubaaqudgha
Makhleb
Nemelex Xobeh
Okawaru
Qazlal
Ru
Sif Muna
Trog
Uskayaw
Vehumet
Wu Jian
Xom
Yredelemnul


Innate Abilities, Weirdness & Mutations

You are partially covered in rugged brown scales. (AC +1, +3% HP)
Spells you cast may paralyse adjacent enemies.


Message History

An orc comes into view. It is wielding a +0 flail.
The orc shouts!
You hear a shout!
The orc moves out of view.
You slash the adder!
The adder is severely wounded.
An orc priest comes into view. It is wielding a +0 short sword.
The adder closely misses you. x2; The orc priest moves out of view.
You hit the adder.
You kill the adder!
You see here an adder corpse.
Found a stone staircase leading up.
You hit the orc.
The orc is almost dead.
The orc barely misses you. The orc hits you with a +0 flail.
You barely miss the orc.
The orc is almost dead.
The orc hits you with a +0 flail.
You hit the orc.
You kill the orc!
A kobold comes into view. It is wielding a +0 dagger.
Things that are here:
a +0 flail; a +0 leather armour; an orc corpse A kobold is nearby!
The kobold shouts!
You hear a shout!
You block the kobold's attack.
An orc comes into view. It is wielding a +0 dagger.
You slash the kobold!
You kill the kobold!
The orc priest hits you with a +0 short sword.
An orc comes into view. It is wielding a +0 short sword.
An orc wizard comes into view. It is wielding a +0 dagger.
The orc priest mumbles some strange prayers to Beogh against you.
Beogh smites you!
Things that are here:
a +0 dagger; 4 stones You barely miss the orc priest.
You barely miss the orc.
The orc wizard shouts!
The orc priest invokes the aid of Beogh against you.
Beogh smites you!
You die...

*,,,*#....###+##..#####
*,,,##....##..##..##..#
*,,,#..............'...
*,,,#......†.......#...
*,,,#.....).......##..#
*,,,##....##..##.......
*,,,*#<...###+##......≈
*,,,*#...<.+,,*.....≈≈≈
*,,o*#@o...#,,#...≈≈≈≈≈
#o...oo...##,,##.≈≈≈≈≈≈
#...#######*+***,≈≈≈≈≈≈
#..,**,,,,**,,,,,≈≈≈≈≈≈
#.,,**,,,,,*,,,,,≈≈≈≈≈≈
#+****,,,,,+,,,,,.≈≈≈≈≈
*,,,**,,,,**,,,,,...≈≈≈
*,,,**,,,,**,,,,,.....≈
*,,,,+,,,,*,,,,,,......


You could see an orc priest, an orc wizard and 2 orcs.

Vanquished Creatures
  6 adders
  A dart slug (D:2)
  2 ribbon worms (D:2)
  3 orcs
  3 ball pythons
  3 bats
  7 endoplasms
  A giant cockroach (D:1)
  6 goblins
  6 hobgoblins
  6 jackals (D:1)
  3 quokkas
  4 frilled lizards
  6 kobolds
  6 rats
63 creatures vanquished.

Notes
Turn   | Place    | Note
-------+----------+-------------------------------------------
     0 | D:1      | gelatine the Demonspawn Fighter began the quest for the
                  | Orb.
     0 | D:1      | Reached XP level 1. HP: 18/18 MP: 1/1
    76 | D:1      | Gained mutation: Spells you cast may paralyse adjacent
                  | enemies. [demonic ancestry]
    76 | D:1      | Reached XP level 2. HP: 24/24 MP: 2/2
   154 | D:1      | Found a faded altar of an unknown god.
   387 | D:1      | Gained mutation: You are partially covered in rugged brown
                  | scales. (AC +1, +3% HP) [demonic ancestry]
   387 | D:1      | Reached XP level 3. HP: 24/29 MP: 3/3
  1281 | D:3      | Reached XP level 4. HP: 31/36 MP: 4/4
  1338 | D:3      | Found a hazy altar of Hepliaklqana.
  1343 | D:3      | Found a sparkling altar of Nemelex Xobeh.
  1344 | D:3      | Found a shimmering blue altar of Sif Muna.
  1344 | D:3      | Found an ornate altar of the Wu Jian Council.
  1344 | D:3      | Found a shadowy altar of Dithmenos.
  1345 | D:3      | Found a radiant altar of Vehumet.
  1346 | D:3      | Found a broken altar of Ashenzari.
  1349 | D:3      | Found a sacrificial altar of Ru.
  1591 | D:3      | Found an opulent altar of Gozag.
  1734 | D:4      | Found a staircase to the Ecumenical Temple.
  1756 | Temple   | Entered the Ecumenical Temple
  1804 | D:4      | Killed from afar by an orc priest

Illustrated notes

Levels and vault maps discovered:
D:1:      mainiacjoe_arrival_reflecting_pool, layout_rooms,
          chequers_ecumenical_altar_simple
D:2:      layout_basic
D:3:      layout_rooms, grunt_temple_overflow_gold_and_silver, minitemple,
          roderic_serpentine_path, nicolae_twisty_statue_hallways
D:4:      layout_gridville, temple_pool_b, nicolae_underground_beach
Temple:   grunt_temple_mini_profane

Skill      XL: |  1  2  3  4 |
---------------+-------------+-----
Axes           | 2 3 |  3.2
Armour         | 3 |  3.2
Shields        | 3 |  3.0
Fighting       | |  3.4
Dodging        | |  0.8
Spellcasting   | |  0.9

Action                     |  1- 3 |  4- 6 || total
---------------------------+-------+-------++-------
  Melee: War axe           |   119 |    48 ||   167
    Use: Scroll            |       |     1 ||     1
 Armour: Scale mail        |    90 |    40 ||   130
  Dodge: Dodged            |    62 |    22 ||    84
         Repelled          |     1 |       ||     1
  Block: Buckler           |    33 |    13 ||    46
